 Dungeon Crawl Stone Soup version 0.24.0-123-gd5b16e6ec5 (webtiles) character file.

Game seed: 10714381421711539339, levelgen mode: deterministic

161 Chiseanne the Magician (level 5, -3/35 HPs)
             Began as a Demonspawn Wizard on Jan 21, 2020.
             Killed from afar by an orc wizard (4 damage)
             ... with a puff of flame
             ... on level 3 of the Dungeon.
             The game lasted 00:06:11 (3906 turns).

Chiseanne the Magician (Demonspawn Wizard)          Turns: 3906, Time: 00:06:12

Health: -3/35      AC:  5    Str:  8    XL:     5   Next: 18%
Magic:  1/11       EV: 14    Int: 20    God:
Gold:   126        SH:  0    Dex: 11    Spells: 3/12 levels left

rFire    . . .     SeeInvis .   p - +0 falchion
rCold    + . .     Gourm    .   (no shield)
rNeg     . . .     Faith    .   j - +0 leather armour (curse)
rPois    .         Spirit   .   k - +0 helmet
rElec    .         Reflect  .   (no cloak)
rCorr    .         Harm     .   (no gloves)
MR       .....                  c - +0 pair of boots
Stlth    +.........             (no amulet)
HPRegen  0.11/turn              (no ring)
MPRegen  0.12/turn              (no ring)

@: no status effects
A: talons 1, repulsion field 1, cold resistance 1
a: no special abilities


You were on level 3 of the Dungeon.
You were not hungry.

You visited 1 branch of the dungeon, and saw 3 of its levels.

You collected 126 gold pieces.

Inventory:

Hand Weapons
 a - a cursed -3 spear
 p - a +0 falchion (weapon)
Missiles
 f - 19 sling bullets
 h - 88 stones (quivered)
Armour
 c - a +0 pair of boots (worn)
 j - a cursed +0 leather armour (worn)
 k - a +0 helmet (worn)
Scrolls
 g - 3 scrolls of teleportation
Potions
 i - a potion of berserk rage {unknown}
 l - 3 potions of agility
 m - a potion of invisibility {unknown}
 n - a potion of lignification {unknown}
 o - a potion of heal wounds {unknown}
Comestibles
 b - a chunk of flesh
 d - 4 rations


   Skills:
 * Level 2.7 Dodging
 - Level 1.7 Stealth
 * Level 4.1 Spellcasting
 * Level 3.2 Conjurations
   Level 1.0 Summonings
 - Level 0.8 Translocations


You had 3 spell levels left.
You knew the following spells:

 Your Spells              Type           Power        Failure   Level  Hunger
a - Magic Dart            Conj           ###.         4%          1    None
b - Blink                 Tloc           N/A          21%         2    #......
c - Conjure Flame         Conj/Fire      ##......     28%         3    ###....
d - Mephitic Cloud        Conj/Pois/Air  #.......     34%         3    ###....

Your spell library contained the following spells:

 Spells                   Type           Power        Failure   Level  Hunger
 Call Imp                 Summ           #.......     19%         2    #......
 Slow                     Hex            #.......     28%         2    #......


Dungeon Overview and Level Annotations

Branches:
Dungeon (3/15)

Altars:
Fedhas


Innate Abilities, Weirdness & Mutations

You have sharp toenails.
You are surrounded by a mild repulsion field. (EV +2)
Your flesh is cold resistant. (rC+)


Message History

* * * LOW HITPOINT WARNING * * *
You bump into the rock wall.
Something hits you but does no damage.
You miss something.
You feel less confused.
You hear some strange, mumbled words.
A magic dart appears from out of thin air!
The magic dart hits you.
* * * LOW HITPOINT WARNING * * *
Something barely misses you.
You miss something. Something hits you but does no damage.
You miss something. Something hits you.
* * * LOW HITPOINT WARNING * * *
You miss something. Something completely misses you.
Something hits you but does no damage.
You miss something. Something hits you but does no damage.
You miss something.
You hear some strange, mumbled words.
A puff of flame appears from out of thin air!
The puff of flame hits you.
You die...

#.# #.#
#.####.#
#....#.#
####.#.#
####.#.#
#......#
#.##.###
#.##.#
#@##.#
#{##.#
#o##.#
.....#
..####
#..#
#...
#...


You could see an orc.

Vanquished Creatures
  2 orc wizards (D:3)
  Robin (D:3)
  2 adders (D:2)
  An ooze (D:1)
  3 dart slugs
  2 leopard geckos (D:2)
  4 orcs (D:3)
  7 bats
  3 giant cockroaches
  5 goblins
  14 hobgoblins
  2 jackals (D:2)
  6 kobolds
  A quokka (D:2)
  2 frilled lizards (D:1)
  5 rats
60 creatures vanquished.

Notes
Turn   | Place    | Note
-------+----------+-------------------------------------------
     0 | D:1      | Chiseanne the Demonspawn Wizard began the quest for the
                  | Orb.
     0 | D:1      | Reached XP level 1. HP: 13/13 MP: 4/4
   229 | D:1      | Gained mutation: Your flesh is cold resistant. (rC+)
                  | [demonic ancestry]
   229 | D:1      | Reached XP level 2. HP: 19/19 MP: 1/6
   798 | D:1      | Gained mutation: You are surrounded by a mild repulsion
                  | field. (EV +2) [demonic ancestry]
   798 | D:1      | Reached XP level 3. HP: 9/24 MP: 0/8
  1716 | D:2      | Found a blossoming altar of Fedhas.
  2197 | D:2      | Reached XP level 4. HP: 30/30 MP: 4/9
  3013 | D:3      | Noticed Robin
  3103 | D:2      | Learned a level 2 spell: Blink
  3107 | D:2      | Learned a level 3 spell: Conjure Flame
  3111 | D:2      | Learned a level 3 spell: Mephitic Cloud
  3531 | D:3      | Killed Robin
  3723 | D:3      | Reached skill level 4 in Spellcasting
  3894 | D:3      | Gained mutation: You have sharp toenails. [demonic
                  | ancestry]
  3894 | D:3      | Reached XP level 5. HP: 27/35 MP: 2/11
  3903 | D:3      | HP: 1/35 [something (4)]
  3906 | D:3      | Killed from afar by an orc wizard

Levels and vault maps discovered:
D:1:      dpeg_arrival_connections, layout_basic, minmay_vboxes
D:2:      layout_basic, fedhas_altar_3
D:3:      layout_loops_ring, overflow_temple_1_default, first_ration,
          fountainhead, dk_vineyard_1, uniq_robin

Skill      XL: |  1  2  3  4 |
---------------+-------------+-----
Conjurations   | 2 3 |  3.2
Dodging        | 2 |  2.7
Spellcasting   | 4 |  4.1
Stealth        | |  1.7
Summonings     | |  1.0
Translocations | |  0.8

Action                   |  1- 3 |  4- 6 || total
-------------------------+-------+-------++-------
Melee: Short sword       |    34 |     5 ||    39
       Falchion          |       |     6 ||     6
 Cast: Magic Dart        |    88 |    74 ||   162
       Conjure Flame     |       |     1 ||     1
       Mephitic Cloud    |       |     1 ||     1
  Use: Scroll            |     5 |     2 ||     7
 Stab: Sleeping          |     1 |       ||     1
  Eat: Chunk             |     3 |     3 ||     6
       Ration            |       |     1 ||     1
Armor: Robe              |    18 |       ||    18
       Leather armour    |       |     7 ||     7
Dodge: Dodged            |    35 |    12 ||    47
